 Dungeon Crawl Stone Soup version 0.26-a0-695-g987792ac36 (webtiles) character file.

Game seed: 6366739751155222152

570 marklar909 the Chopper (level 7, -7/61 HPs)
             Began as a Hill Orc Monk on Oct 26, 2020.
             Mangled by an ice beast (11 damage)
             ... on level 6 of the Dungeon.
             The game lasted 00:07:56 (7758 turns).

marklar909 the Chopper (Hill Orc Monk)              Turns: 7758, Time: 00:07:57

Health: -7/61      AC:  9    Str: 16    XL:     7   Next: 34%
Magic:  7/7        EV: 12    Int: 10    God:
Gold:   209        SH:  0    Dex: 13    Spells: 6/6 levels left

rFire    . . .     SeeInvis .   a - +0 hand axe
rCold    . . .     Faith    .   (no shield)
rNeg     . . .     Spirit   .   A - +0 ring mail
rPois    .         Reflect  .   u - +0 helmet
rElec    .         Harm     .   b - +0 cloak
rCorr    .         Rampage  .   (no gloves)
MR       .....                  p - +0 pair of boots
Stlth    +.........             (no amulet)
HPRegen  0.20/turn              (no ring)
MPRegen  0.10/turn              (no ring)

@: no status effects
A: no striking features
a: no special abilities


You were on level 6 of the Dungeon.
You visited 2 branches of the dungeon, and saw 7 of its levels.

You collected 209 gold pieces.

Inventory:

Hand Weapons
 a - a +0 hand axe (weapon)
Armour
 b - a +0 cloak (worn)
 p - a +0 pair of boots (worn)
 u - a +0 helmet (worn)
 A - a +0 ring mail (worn)
Jewellery
 j - an uncursed amulet of magic regeneration {unknown}
 y - a +6 ring of dexterity {unknown}
 B - an uncursed amulet of regeneration {unknown}
Wands
 C - a wand of paralysis (3)
Scrolls
 e - 5 scrolls of identify
 f - 2 scrolls of fog {unknown}
 g - 2 scrolls of noise {unknown}
 i - a scroll of remove curse {unknown}
 m - a scroll of magic mapping {unknown}
 n - 2 scrolls of amnesia {unknown}
 o - 2 scrolls of enchant weapon {unknown}
 r - 2 scrolls of fear {unknown}
 v - a scroll of random uselessness {unknown}
 w - a scroll of enchant armour {unknown}
Potions
 c - 2 potions of might {unknown}
 d - 2 potions of haste {unknown}
 h - 3 potions of heal wounds
 k - 2 potions of lignification {unknown}
 l - a potion of flight {unknown}
 q - a potion of stabbing {unknown}
 s - a potion of brilliance {unknown}
 t - 3 potions of ambrosia {unknown}
 x - a potion of curing
 z - 2 potions of berserk rage {unknown}


   Skills:
 + Level 5.6 Fighting
 + Level 7.3 Axes
 + Level 3.0 Armour
 + Level 3.5 Dodging
 + Level 2.3 Stealth


You had 6 spell levels left.
You didn't know any spells.
Your spell library was empty.

Dungeon Overview and Level Annotations

Branches:
Dungeon (6/15)             Temple (1/1) D:4

Altars:
Ashenzari
Cheibriados
Dithmenos
Elyvilon
Fedhas
Gozag
Hepliaklqana
Makhleb
Nemelex Xobeh
Okawaru
Ru
Sif Muna
Trog
Vehumet
Wu Jian
Xom
Yredelemnul
Zin
The Shining One
Lugonu

Shops:
D:6 =

Annotations:
D:6 Prince Ribbit


Message History

Prince Ribbit is moderately wounded.
You hit the ice beast. The ice beast misses you.
Prince Ribbit barely misses you.
You barely miss Prince Ribbit.
Prince Ribbit is moderately wounded.
You hit the ice beast. Prince Ribbit hits you!
The ice beast hits you but does no damage.
Prince Ribbit barely misses you.
Prince Ribbit blinks!
Unknown command.
Prince Ribbit hits you but does no damage.
Prince Ribbit hits you!
* * * LOW HITPOINT WARNING * * *
Unknown command.
As you read the scroll labeled SAROGA WAGUATH, it crumbles to dust.
It is a scroll of identify.
h - 3 potions of heal wounds The ice beast hits you.
* * * LOW HITPOINT WARNING * * *
The ice beast freezes you!
You die...

#....#≈≈≈≈≈##..........#≈###
#....#....≈#......###..#####
#....#....≈###..#........∩.†
#..[.#....≈###.......<......
#.'######....#####.......
###..........# #.......
##.........## #..#....
#...Y......# ##...##.
#...F@.....#######.##.
#####F................
##....#.#####.....
####.#.####......
#.....<.#>.##...
#.........##...#
#........##..###
#.......##..## #.......##.##


You could see Prince Ribbit, an ice beast and a bullfrog.

Vanquished Creatures
  An ice beast (D:6)
  An ogre (D:4)
  A howler monkey (D:5)
  2 hounds (D:4)
  An iguana (D:2)
  Jessica (D:2)
  Robin (D:3)
  4 gnolls (D:2)
  9 adders
  An ufetubus (D:6)
  An adder skeleton (D:4)
  2 worms (D:2)
  4 dart slugs
  6 leopard geckos
  2 orcs (D:4)
  4 giant cockroaches
  10 goblins
  14 hobgoblins
  2 jackals (D:1)
  5 quokkas
  A ball python (D:3)
  6 bats
  5 frilled lizards
  4 kobolds
  A leopard gecko skeleton (D:5)
  4 rats
93 creatures vanquished.

Notes
Turn   | Place    | Note
-------+----------+-------------------------------------------
     0 | D:1      | marklar909 the Hill Orc Monk began the quest for the Orb.
     0 | D:1      | Reached XP level 1. HP: 19/19 MP: 1/1
   236 | D:1      | Reached XP level 2. HP: 20/27 MP: 2/2
   934 | D:2      | Found an opulent altar of Gozag.
   958 | D:2      | Reached XP level 3. HP: 33/33 MP: 3/3
  1612 | D:2      | Found a sparkling altar of Nemelex Xobeh.
  1699 | D:2      | Noticed Jessica
  1712 | D:2      | Killed Jessica
  1712 | D:2      | Reached skill level 5 in Axes
  1712 | D:2      | Reached XP level 4. HP: 17/40 MP: 4/4
  3055 | D:3      | Noticed Robin
  3110 | D:2      | Reached XP level 5. HP: 26/47 MP: 5/5
  3441 | D:3      | Killed Robin
  3676 | D:3      | Reached skill level 1 in Armour
  3708 | D:3      | Found a white marble altar of Elyvilon.
  3717 | D:3      | Found a shadowy altar of Dithmenos.
  3721 | D:3      | Found a snail-covered altar of Cheibriados.
  4148 | D:4      | Found a shimmering altar of Xom.
  4385 | D:2      | Found a glowing golden altar of the Shining One.
  4404 | D:2      | Reached skill level 6 in Axes
  4599 | D:2      | Found a burning altar of Makhleb.
  4599 | D:2      | Found a glowing silver altar of Zin.
  4600 | D:2      | Noticed an angel
  4600 | D:2      | Noticed a balrug
  4837 | D:2      | Reached XP level 6. HP: 55/55 MP: 6/6
  5351 | D:2      | Reached skill level 5 in Fighting
  5733 | D:4      | Found a snail-covered altar of Cheibriados.
  5804 | D:4      | Found a staircase to the Ecumenical Temple.
  5876 | Temple   | Entered the Ecumenical Temple
  6213 | D:5      | Entered Level 5 of the Dungeon
  7102 | D:4      | Reached skill level 7 in Axes
  7102 | D:4      | Reached XP level 7. HP: 49/61 MP: 7/7
  7390 | D:6      | Found a bloodstained altar of Trog.
  7599 | D:6      | Found Zarieg's Jewellery Shop.
  7623 | D:6      | Noticed Prince Ribbit
  7758 | D:6      | Mangled by an ice beast

Illustrated notes

Levels and vault maps discovered:
D:1:      dpeg_arrival_chambers_temple_mockup, layout_loops_ring
D:2:      layout_basic, grunt_temple_overflow_order_and_chaos_2,
          grunt_gozag_statues, tso_altar, overflow_temple_1_default,
          uniq_jessica
D:3:      layout_basic, minitemple, uniq_robin
D:4:      layout_rooms, xom_teletrap_fun, temple_hall, kennysheep_slug_shrine
D:5:      layout_basic
D:6:      layout_rooms, overflow_temple_1_default,
          nicolae_qazlal_general_emergency, serial_shops, shop, serial_rivers,
          chequers_serial_rivers_room_b, chequers_serial_rivers_large_a,
          chequers_serial_rivers_room_a, chequers_serial_rivers_marsh,
          chequers_serial_rivers_small_b, uniq_prince_ribbit1
Temple:   corrupted_temple

Skill      XL: |  1  2  3  4  5  6  7 |
---------------+----------------------+-----
Fighting       | 4 5 |  5.6
Axes           | 5 6 7 |  7.3
Stealth        | 2 |  2.3
Dodging        | 3 |  3.5
Armour         | 1 2 3 |  3.0

Action                   |  1- 3 |  4- 6 |  7- 9 || total
-------------------------+-------+-------+-------++-------
Melee: Hand axe          |    74 |   300 |    54 ||   428
Evoke: Wand              |       |       |     4 ||     4
  Use: Potion            |     1 |     1 |       ||     2
       Scroll            |       |       |     1 ||     1
 Stab: Sleeping          |     4 |     3 |       ||     7
       Paralysed         |       |       |     9 ||     9
Armor: Robe              |    13 |     2 |       ||    15
       Leather armour    |       |    63 |       ||    63
       Ring mail         |       |    19 |    25 ||    44
Dodge: Dodged            |    62 |   222 |    35 ||   319

Table legend: (Time is in decaauts)
 A = Elapsed time spent in this place.
 B = Non-inter-level travel time spent in this place.
 C = Inter-level travel time spent in this place.
 D = Time resting spent in this place.
 E = Time spent auto-exploring this place.
 F = Levels seen in this place.
 G = Mean time per level.
                   A        B        C        D        E       F      G
               +--------+--------+--------+--------+--------+-----+--------+
         Total |   7772 |   7404 |    368 |   2537 |   3695 |   7 | 1110.3 |
       Dungeon |   7729 |   7375 |    354 |   2537 |   3668 |   6 | 1288.2 |
        Temple |     43 |     29 |     14 |      0 |     26 |   1 |   43.0 |
               +--------+--------+--------+--------+--------+-----+--------+

Top non-repeatable levels by time:
     D:2: 1966 daAuts
     D:1: 1800 daAuts
     D:3: 1748 daAuts
     D:4: 1360 daAuts
     D:5: 459 daAuts
     D:6: 392 daAuts
  Temple: 43 daAuts
